 Dungeon Crawl Stone Soup version 0.32-a0-630-g46d191b0ed (webtiles) character file.

Game seed: 16937658602778910104

435000 pisaster the Slayer (level 23, -20/211 HPs)
             Began as a Coglin Berserker on Mar 7, 2024.
             Was the Champion of Trog.
             Blown up by a lich (43 damage)
             ... with an orb of destruction
             ... on level 5 of the Vaults.
             The game lasted 03:43:14 (65282 turns).

pisaster the Slayer (Coglin Berserker)             Turns: 65282, Time: 03:43:15

Health: -20/211    AC: 33    Str: 26    XL:     23   Next: 99%
Magic:  7/7        EV: 24    Int: 12    God:    Trog [******]
Gold:   2716       SH:  0    Dex: 24    Spells: 22/22 levels left

rFire   + . .        F - +5 double sword (antimagic) {Manveen}
rCold   + + .        f - +9 demon blade "Meelint" {heavy, rC+ Str+7 Stlth-}
rNeg    . . .        S - +6 chain mail of Giop {rC+ Will+}
rPois   +            Q - +0 hat of the Valley of Death {rElec rPois Int+3}
rElec   +            N - +2 cloak {Will+}
rCorr   +            V - +2 pair of gloves {Dex+3}
SInv    .            y - +2 pair of boots
Will    +++..        (amulet unavailable) Stlth
                     (ring unavailable)
HPRegen 0.55/turn    (ring unavailable)
MPRegen 0.10/turn    w
                       - NW-10 gyroscope {rPois rF+ rCorr Clar RMsl}

%: repel missiles, clarity
@: studying 2 skills
A: off-hand wielding, slow wielding, warmup strikes, no jewellery
}: 2/15 runes: barnacled, gossamer
a: Renounce Religion, Berserk, Trog's Hand, Brothers in Arms


You were on level 5 of the Vaults.
You worshipped Trog.
Trog was exalted by your worship.
You visited 8 branches of the dungeon, and saw 42 of its levels.
You visited 1 bazaar.
You also visited: Bailey.

You collected 7303 gold pieces.
You spent 4587 gold pieces at shops.

Inventory:

Hand Weapons
 f - the +9 demon blade "Meelint" (offhand) {heavy, rC+ Str+7 Stlth-}
   (Trog gifted it to you on level 4 of the Spider Nest)

   Str+7:     It affects your strength (+7).
   rC+:       It protects you from cold.
   Stlth-:    It makes you less stealthy.
 F - a +5 antimagic double sword (weapon) {Manveen}
Missiles
 c - 5 silver javelins
 g - 7 throwing nets
 A - 50 boomerangs (quivered)
 G - 15 javelins
 J - 17 curare-tipped darts
Armour
 o - the +5 scale mail of Iqagy {rC+ Str+6 Dex+4 Stlth-}
   (You found it on level 2 of the Shoals)

   Str+6:     It affects your strength (+6).
   Dex+4:     It affects your dexterity (+4).
   rC+:       It protects you from cold.
   Stlth-:    It makes you less stealthy.
 v - the +1 pair of gloves of Gallantry {Str+4 Slay+3 Stlth+}
   (You acquired it on level 3 of the Spider Nest)

   Str+4:     It affects your strength (+4).
   Slay+3:    It affects your accuracy & damage with ranged weapons and melee
   (+3).
   Stlth+:    It makes you more stealthy.
 y - a +2 pair of boots (worn)
 N - a +2 cloak of willpower (worn)
 O - the +1 helmet "Seobruig" {^Drain +Blink rN+}
   (You found it on level 2 of the Lair of Beasts)

   rN+:       It protects you from negative energy.
   +Blink:    It lets you blink.
   ^Drain:    It drains your maximum health when unequipped.
 Q - the +0 hat of the Valley of Death (worn) {rElec rPois Int+3}
   (You found it on level 4 of the Spider Nest)

   Int+3:     It affects your intelligence (+3).
   rElec:     It insulates you from electricity.
   rPois:     It protects you from poison.
 S - the +6 chain mail of Giop (worn) {rC+ Will+}
   (You bought it in a shop on level 13 of the Dungeon)

   rC+:       It protects you from cold.
   Will+:     It increases your willpower.
 V - a +2 pair of gloves of dexterity (worn)
 X - +0 shadow dragon scales
Gizmo
 w - a NW-10 gyroscope (installed) {rPois rF+ rCorr Clar RMsl}
   (You invented it yourself on level 4 of the Lair of Beasts)

   [NW-10 gyroscope]

   rF+:       It protects you from fire.
   rPois:     It protects you from poison.
   Clar:      It protects you from confusion, rage, mesmerisation and fear.
   RMsl:      It protects you from missiles.
   rCorr:     It protects you from acid and corrosion.
Wands
 m - a wand of quicksilver (15)
 q - a wand of digging (14)
 r - a wand of paralysis (27)
 L - a wand of iceblast (36)
 M - a wand of mindburst (4)
Scrolls
 a - 5 scrolls of summoning
 b - 20 scrolls of teleportation
 h - 5 scrolls of noise
 l - a scroll of torment
 n - 8 scrolls of blinking
 s - 6 scrolls of vulnerability
 u - 7 scrolls of fear
 z - 3 scrolls of poison
 C - 3 scrolls of immolation
 D - 5 scrolls of revelation
 I - a scroll of enchant armour
 P - 12 scrolls of fog
Potions
 d - 10 potions of ambrosia
 e - 3 potions of invisibility
 i - 6 potions of might
 j - 18 potions of curing
 k - 4 potions of heal wounds
 p - 3 potions of magic
 t - 5 potions of attraction
 x - 6 potions of lignification
 B - 4 potions of enlightenment
 E - 2 potions of berserk rage
 H - a potion of cancellation
 K - 3 potions of mutation
 T - 7 potions of haste
 Y - 3 potions of resistance
Miscellaneous
 U - a condenser vane
 W - a phial of floods
 Z - a box of beasts


   Skills:
 + Level 24.6 Fighting
 - Level 7.2(11.6) Short Blades
 - Level 15.2(16.0) Long Blades
 * Level 15.0 Throwing
 - Level 20.2 Armour
 - Level 18.8 Dodging
 - Level 5.0 Evocations


You had 22 spell levels left.
You didn't know any spells.
Your spell library was empty.

Dungeon Overview and Level Annotations

Branches:
Dungeon (15/15)            Temple (0/1) D:7            Lair (5/5) D:11
 Shoals (4/4) Lair:2       Spider (4/4) Lair:2        Slime (0/5) Lair:4
    Orc (2/2) D:10            Elf (3/3) Orc:2        Vaults (5/5) D:13
  Crypt (0/3) Vaults:2     Depths (4/4) D:15            Zot (0/5) Depths:4
 Bailey (visited)

Altars:
Dithmenos
Hepliaklqana
Kikubaaqudgha
Makhleb
Nemelex Xobeh
Okawaru
Qazlal
Ru
Sif Muna
Vehumet
Xom
Yredelemnul
Zin
The Shining One
Lugonu

Shops:
D:3 ([*[*   D:5 !   D:13 **[:?   Orc:2 **?[[   Elf:1 =   Elf:2 :   Shoals:1 (
Vaults:1 ![*   Vaults:3 *   Depths:4 =

Portals:
Hell: Depths:1 Depths:2 Depths:3 Depths:4
Abyss: Lair:5 Depths:3 Depths:4
Pandemonium: Depths:2 Depths:4
Ziggurat: Depths:4


Innate Abilities, Weirdness & Mutations

You can wield a second weapon in your off-hand.
It takes a long time for you to wield or remove held weapons.
Your first few attacks do less damage.
You cannot equip rings or amulets.


Message History

The iron dragon is severely wounded.
You chop the iron dragon into pieces with the +9 demon blade "Meelint"!!!
The iron dragon barely misses you.
The iron dragon claws you but does no damage.
The iron dragon misses you.
The vault sentinel blows a loud note on a signal horn!
You hear a shout! x2; You hear a horrible gurgling sound! x2; You hear a shout!
You barely miss the iron dragon with the +9 demon blade "Meelint".
The iron dragon is almost dead.
You slice the iron dragon with your +5 antimagic double sword!!
You kill the iron dragon!
The vault warden unwields a +0 great sword.
The vault warden wields a +0 arbalest.
The vault warden shoots a bolt.
The bolt is repelled.
Your Throwing skill increases to level 15!
You feel much better.
The vault sentinel blows a loud note on a signal horn!
You hear a shout!
You hear a horrible gurgling sound!
You hit the vault guard with your +5 antimagic double sword.
The vault guard is lightly wounded.
You slash the vault guard with the +9 demon blade "Meelint"!
The orc no longer looks unusually strong.
The vault warden shoots a bolt.
The bolt completely misses you.
You slash the vault guard with the +9 demon blade "Meelint"!
The vault guard is moderately wounded.
You hit the vault guard but do no damage.
The vault guard hits you with a +3 great sword!
* * * LOW HITPOINT WARNING * * *
You slice the vault guard with your +5 antimagic double sword!!
The vault guard is heavily wounded.
You closely miss the vault guard with the +9 demon blade "Meelint".
The vault warden shoots a bolt.
The bolt completely misses you.
You hit the vault guard with the +9 demon blade "Meelint".
The vault guard is severely wounded.
You hit the vault guard with your +5 antimagic double sword.
The vault guard hits you but does no damage.
The vault sentinel shoots a bolt.
The bolt is repelled.
The vault warden shoots a bolt.
The bolt is repelled.
You slash the vault guard with your +5 antimagic double sword!
The vault guard is almost dead.
You slash the vault guard with the +9 demon blade "Meelint"!
You kill the vault guard!
The orc knight shoots a bolt.
You carve the vault sentinel like a ham with the +9 demon blade "Meelint"!!!!
You kill the vault sentinel!
Trog appreciates your killing of a magic user.
The shock serpent shoots out a bolt of lightning past the vault warden!
The vault warden unwields a +0 arbalest.
The vault warden wields a +0 great sword.
The vault warden hits you but does no damage.
The orc knight shoots a bolt.
You slice the vault warden with the +9 demon blade "Meelint"!!
The vault warden is moderately wounded.
You slice the vault warden with your +5 antimagic double sword!!
The vault warden's magic leaks into the air.
You open the vault warden like a pillowcase with the +9 demon blade "Meelint"!!!
You kill the vault warden!
Trog appreciates your killing of a magic user.
You catch the helpless shock serpent completely off-guard!
You cut the shock serpent into ribbons with your +5 antimagic double sword!!!
The shock serpent is severely wounded.
You chop the shock serpent into pieces with the +9 demon blade "Meelint"!!!
You kill the shock serpent!
You resist.
You hit the orc knight but do no damage.
You cut the orc knight into ribbons with the +9 demon blade "Meelint"!!!
The orc completely misses you.
The orc knight unwields a +0 arbalest.
The orc knight wields a +0 battleaxe.
The orc knight closely misses you.
You catch the helpless orc knight completely off-guard!
You slice the orc knight with your +5 antimagic double sword!!
You kill the orc knight!
The orc completely misses you.
You catch the helpless orc completely off-guard!
You slash the orc with your +5 antimagic double sword!
You kill the orc!
You start resting.
You feel the effects of Trog's Hand fading.
You start resting.
You flicker for a moment.
You start resting.
Your skin stops crawling.
You feel less strong-willed.
You start resting.
You flicker back into view.
You start resting.
A lich comes into view.
The lich shouts!
The lich launches a ball of destructive magic.
An orb of destruction comes into view.
The lich gestures wildly while chanting.
The lich flickers and vanishes!
Deactivating autopickup; reactivate with Ctrl-A.
The orb of destruction hits you!!!
Something conjures a glowing orb.
An orb of destruction comes into view.
Something conjures a glowing orb.
The orb of destruction hits you!!!
* * * LOW HITPOINT WARNING * * *
An orb of destruction comes into view.
You feel much better. The orb of destruction hits you!!!
You die...

p....#..#.. ........#..
.oo..t..#.. #...pp..#..
.#....p.#.. ......op...
####################p...
.....○°○....)......$$w).
.....{☼@...)$......)o..)
########################


There were no monsters in sight!

Vanquished Creatures
  2 dread liches
  2 golden dragons
  Nikola (Depths:1)
  Norris (Elf:1)
  A tentacled monstrosity (Depths:2)
  Jorgrun (D:13)
  A lich (Vaults:4)
  A walking earthen tome (Depths:2)
  A titan (Vaults:5)
  A walking divine tome (Depths:2)
  2 sphinxes
  3 deep elf blademasters (Elf:3)
  3 deep elf master archers (Elf:3)
  Frances (Shoals:1)
  A kraken (Shoals:3)
  Aizul (Elf:2)
  2 tengu reavers (Depths:2)
  2 storm dragons
  Roxanne (Shoals:1)
  3 shadow dragons
  Ilsuiw (Shoals:2)
  4 frost giants
  Donald (Vaults:4)
  7 deep elf sorcerers
  3 iron dragons
  5 fire giants
  Louise (Spider:1)
  4 ghost moths
  A draconian scorcher (Depths:4)
  6 vault wardens
  4 deep elf elementalists
  A balrug (Depths:2)
  10 emperor scorpions
  A draconian stormcaller (Depths:4)
  A broodmother (Spider:1)
  12 ironbound preservers
  6 vampire knights
  A draconian annihilator (Depths:4)
  4 ironbound thunderhulks
  18 very ugly things
  3 black draconians (Depths:4)
  2 formless jellyfish
  7 stone giants
  9 deep elf annihilators (Elf:3)
  9 deep elf death magi
  2 war gargoyles
  14 dire elephants
  5 yellow draconians (Depths:4)
  5 deep elf demonologists
  A lorocyproca (Depths:4)
  Azrael (Orc:1)
  Snorg (Orc:2)
  A crystal guardian (Vaults:4)
  7 ettins
  5 fire dragons
  10 merfolk impalers
  4 merfolk javelineers
  5 deep elf high priests
  An entropy weaver (shapeshifter) (D:15)
  4 entropy weavers
  The ghost of Zumudolu the Cleaver, a journeyman MiFi of Yredelemnul (Lair:2)
  4 great orbs of eyes
  7 rakshasas
  11 yaktaur captains
  6 ice dragons
  8 hydras
  16 vault guards
  4 ogre magi
  2 peacekeepers
  A spriggan air mage (Depths:3)
  3 radroaches
  5 merfolk avatars
  3 merfolk aquamancers
  The ghost of zenocrate the Bewitcher, a journeyman FeEE of Gozag (Lair:3)
  2 jorogumos (Spider:4)
  37 dancing weapons
  6 ironbound frosthearts
  4 satyrs
  3 death yaks (Lair:5)
  An alligator snapping turtle (Shoals:3)
  11 centaur warriors
  A spectral fire giant (Depths:3)
  3 two-headed ogres
  4 vampire magi (Depths:3)
  4 tengu warriors
  2 catoblepae
  3 deep troll shamans
  8 deep troll earth magi
  7 demonic crawlers
  9 boulder beetles
  6 orc high priests
  A shock serpent (shapeshifter) (Vaults:5)
  An occultist (Depths:3)
  A spriggan berserker (Depths:3)
  7 hell knights (Depths:4)
  Sonja (Lair:4)
  2 thrashing horrors (Lair:5)
  4 soul eaters
  A sun demon (Depths:2)
  Nergalle (D:10)
  A storm dragon zombie (Depths:3)
  Amaemon (Lair:1)
  13 deep elf knights
  A shadow wraith (Depths:3)
  2 iron trolls (Depths:2)
  7 pharaoh ants
  9 skysharks
  A sixfirhy (Depths:4)
  13 skeletal warriors
  A death drake (shapeshifter) (Depths:2)
  A sea snake (shapeshifter) (Vaults:5)
  4 large abominations (Lair:5)
  3 flayed ghosts
  42 deep trolls
  9 sea snakes
  6 orb spiders
  3 shadow demons
  2 sun moths (Spider:3)
  A kraken simulacrum (Shoals:2)
  2 glowing orange brains
  12 deep elf archers
  9 arcanists
  A phantasmal warrior (Vaults:5)
  8 lindwurms
  A shadow dragon zombie (Depths:3)
  4 steelbarb worms
  17 ironbound convokers
  23 deep elf pyromancers
  A tengu zombie (Vaults:3)
  3 thermic dynamos (Elf:1)
  20 deep elf zephyrmancers
  19 wolf spiders
  4 necromancers
  7 cyclopes
  8 orc knights
  An iron dragon zombie (Depths:2)
  15 harpies
  A frost giant zombie (Depths:2)
  22 fauns
  8 moths of wrath
  6 orc sorcerers
  32 ugly things
  Joseph (D:8)
  5 merfolk sirens
  15 manticores
  3 elephants (Lair:5)
  3 meliai (Spider:4)
  2 black mambas
  20 vault sentinels
  9 water nymphs
  A kobold blastminer (Orc:1)
  3 rust devils
  2 torpor snails
  12 cane toads
  A torpor snail (shapeshifter) (Depths:1)
  3 smoke demons
  An orange demon (Lair:1)
  4 rime drakes
  3 gargoyles
  An unseen horror (D:10)
  4 kobold demonologists
  2 efreet
  A hellion (Depths:2)
  3 centaur skeletons (D:13)
  37 yaktaurs
  A tormentor (Depths:2)
  9 komodo dragons
  6 trolls
  Psyche (D:8)
  4 tengu conjurers
  A yaktaur skeleton (Vaults:3)
  A freezing wraith (Vaults:5)
  3 polar bears
  18 merfolk
  A troll (shapeshifter) (Depths:2)
  2 polar bears (shapeshifter)
  29 blink frogs
  15 wind drakes
  9 snapping turtles
  An ettin zombie (Vaults:3)
  3 raiju (Lair:5)
  28 tarantellas
  A raiju (shapeshifter) (Elf:3)
  18 dream sheep
  A human simulacrum (Vaults:3)
  8 culicivoras
  18 slime creatures
  29 jumping spiders
  4 air elementals
  A wyvern (shapeshifter) (Elf:3)
  2 ynoxinuls (Lair:5)
  7 small abominations (Lair:5)
  6 wyverns
  41 water elementals
  A vampire (D:12)
  A spriggan (Lair:5)
  3 wraiths
  8 fire elementals
  2 wargs
  Eustachio (D:5)
  46 yaks
  7 basilisks
  Grum (D:8)
  2 sea snake simulacra (Shoals:2)
  A chaos spawn (Lair:5)
  79 redbacks
  A death yak simulacrum (Shoals:2)
  A human zombie (Depths:3)
  Edmund (D:4)
  A water moccasin (shapeshifter) (Lair:5)
  An acid dragon (D:11)
  A glowing shapeshifter zombie (Depths:2)
  Duvessa (D:5)
  10 water moccasins
  A hell hound (Orc:1)
  An ogre skeleton (Vaults:3)
  42 orc warriors
  5 ice beasts
  2 sky beasts (D:7)
  A black bear (Lair:2)
  4 laughing skulls
  A black bear (shapeshifter) (Depths:2)
  32 wolves
  12 ogres
  6 centaurs
  A phantom (D:3)
  15 boggarts
  6 kobold brigands
  2 gnoll sergeants
  A scorpion (shapeshifter) (D:13)
  3 faun simulacra (Shoals:2)
  8 scorpions
  11 bullfrogs
  3 merfolk simulacra (Shoals:2)
  2 earth elementals (Elf:2)
  8 wights (D:8)
  Dowan (D:5)
  A manticore simulacrum (Shoals:2)
  6 killer bees (D:10)
  5 snapping turtle simulacra (Shoals:2)
  2 howler monkeys
  3 electric eels
  7 jellies
  A bombardier beetle (D:5)
  A hound (shapeshifter) (Elf:2)
  2 hounds
  29 orc priests
  2 cyclops simulacra (Shoals:2)
  A sleepcap (D:5)
  4 iguanas
  Natasha (thrice) (D:3)
  18 orc wizards
  2 centaur simulacra (Shoals:2)
  Robin (D:3)
  7 gnolls
  10 adders
  A shadow imp (D:8)
  A white imp (D:8)
  A ribbon worm (D:4)
  A dart slug (D:3)
  82 orcs
  7 endoplasms
  4 giant cockroaches
  18 goblins
  10 hobgoblins
  3 quokkas
  11 ball pythons
  11 bats
  3 frilled lizards
  14 kobolds
  6 rats
  5 tentacles
1788 creatures vanquished.

Vanquished Creatures (collateral kills)
  A deep elf elementalist (Elf:3)
  A deep elf demonologist (Elf:3)
2 creatures vanquished.

Vanquished Creatures (others)
  A fire giant (Depths:1)
  A demonic crawler (Spider:1)
  A deep elf knight (Elf:2)
  A deep elf zephyrmancer (Elf:1)
  An ugly thing (Depths:1)
  A centaur skeleton (D:13)
  A yaktaur (Vaults:1)
  A redback (Spider:4)
  A boggart (Vaults:1)
  An orc (Orc:1)
  12 tentacles
22 creatures vanquished.

Grand Total: 1812 creatures vanquished

Notes
Turn   | Place    | Note
-------+----------+-------------------------------------------
     0 | D:1      | pisaster the Coglin Berserker began the quest for the Orb.
     0 | D:1      | Reached XP level 1. HP: 18/18 MP: 1/1
   161 | D:1      | Reached XP level 2. HP: 24/24 MP: 2/2
   643 | D:2      | Reached XP level 3. HP: 29/29 MP: 3/3
   807 | D:2      | Reached ** piety under Trog
   984 | D:2      | Reached XP level 4. HP: 37/37 MP: 4/4
  1620 | D:3      | Found Icihyt's Antique Weapon Boutique.
  1719 | D:3      | Found Asaebo's Antique Armour Emporium.
  1750 | D:3      | Found a faded altar of an unknown god.
  1765 | D:3      | Noticed Natasha
  1779 | D:3      | Killed Natasha
  1780 | D:3      | Reached skill level 4 in Fighting
  1838 | D:3      | Found Eroshaen's General Store.
  1845 | D:3      | Bought a scroll of teleportation for 39 gold pieces
  1865 | D:3      | Reached XP level 5. HP: 42/42 MP: 5/5
  1986 | D:3      | Reached skill level 5 in Long Blades
  2060 | D:3      | Found a hazy altar of Hepliaklqana.
  2174 | D:3      | Found Hikoce's Armour Shoppe.
  2182 | D:3      | Noticed Robin
  2201 | D:3      | Killed Robin
  2426 | D:3      | Found Bachik's General Store.
  2434 | D:3      | Bought a scroll of noise for 13 gold pieces
  2490 | D:3      | Found a glowing golden altar of the Shining One.
  2498 | D:3      | Found a basalt altar of Yredelemnul.
  2499 | D:3      | Found a burning altar of Makhleb.
  2504 | D:3      | Found a shadowy altar of Dithmenos.
  2511 | D:3      | Found a shimmering altar of Xom.
  2512 | D:3      | Found a shimmering blue altar of Sif Muna.
  2785 | D:4      | Noticed a phantom
  2821 | D:3      | Killed a phantom
  2822 | D:3      | Reached XP level 6. HP: 36/49 MP: 6/6
  2897 | D:4      | Reached *** piety under Trog
  3191 | D:4      | Noticed Edmund
  3235 | D:4      | Killed Edmund
  3236 | D:4      | Reached skill level 5 in Fighting
  3255 | D:4      | Reached XP level 7. HP: 56/56 MP: 7/7
  3765 | D:5      | Entered Level 5 of the Dungeon
  3765 | D:5      | Noticed Dowan
  3766 | D:5      | Noticed Duvessa
  3902 | D:5      | Noticed Eustachio
  3914 | D:5      | Killed Eustachio
  3920 | D:5      | Found Woessaen's Distillery.
  4016 | D:5      | Reached XP level 8. HP: 55/64 MP: 8/8
  4151 | D:5      | Killed Duvessa
  4152 | D:5      | Reached skill level 6 in Fighting
  4156 | D:5      | Killed Dowan
  4557 | D:6      | Noticed a komodo dragon
  4562 | D:6      | Killed a komodo dragon
  4793 | D:6      | Reached skill level 7 in Fighting
  4798 | D:5      | Reached **** piety under Trog
  5000 | D:6      | Found a radiant altar of Vehumet.
  5083 | D:6      | Reached XP level 9. HP: 39/72 MP: 9/9
  5201 | D:6      | Found a sparkling altar of Nemelex Xobeh.
  5634 | D:7      | Reached skill level 10 in Long Blades
  5826 | D:7      | Found a staircase to the Ecumenical Temple.
  6049 | D:7      | Reached skill level 8 in Fighting
  6943 | D:7      | Reached XP level 10. HP: 74/82 MP: 10/10
  7030 | D:8      | Identified the +10 dagger of Blushing Sudden Death {freeze,
                  | Will++ Str+2 Dex-5}
  7070 | D:8      | Reached skill level 1 in Short Blades
  7210 | D:8      | Noticed Grum
  7232 | D:8      | Killed Grum
  7324 | D:8      | Found a runed translucent gate.
  7324 | D:8      | Found a runed translucent gate.
  7325 | D:8      | Found a runed translucent gate.
  7325 | D:8      | Noticed a rust devil
  7325 | D:8      | Noticed a rust devil
  7418 | D:8      | Reached skill level 9 in Fighting
  7562 | D:8      | Noticed Joseph
  7571 | D:8      | Killed Joseph
  7826 | D:8      | Noticed Psyche
  7840 | D:8      | Killed Psyche
  7841 | D:8      | Reached skill level 5 in Short Blades
  8038 | D:8      | Found an iron altar of Okawaru.
  8040 | D:8      | Found a glowing silver altar of Zin.
  8470 | D:9      | Reached skill level 10 in Fighting
  8537 | D:9      | Reached XP level 11. HP: 77/90 MP: 11/11
  8682 | D:9      | Reached ***** piety under Trog
  8810 | D:10     | Entered Level 10 of the Dungeon
  9024 | D:10     | Found a staircase to the Orcish Mines.
  9235 | D:10     | Found a flagged portal.
  9266 | Bailey   | Entered a bailey
  9531 | Bailey   | Found a large runed translucent door.
  9531 | Bailey   | Found a large runed translucent door.
  9531 | Bailey   | Noticed an orc knight
  9532 | Bailey   | Noticed a deep elf pyromancer
  9685 | Bailey   | Killed an orc knight
  9811 | Bailey   | Killed a deep elf pyromancer
 10133 | D:10     | Reached skill level 11 in Fighting
 10301 | D:3      | Bought the +9 ring mail "Wereucrer" {rCorr Int+2} for 723
                  | gold pieces
 10832 | D:11     | Found a flickering gateway to a bazaar.
 10840 | D:11     | Identified a scroll of acquirement
 10844 | Bazaar   | Entered a bazaar
 10844 | Bazaar   | Found Etoazyant's General Store.
 10850 | Bazaar   | Found Jouxiree's Antique Weapon Boutique.
 10858 | Bazaar   | Found Hopikk's Assorted Antiques.
 10877 | Bazaar   | Found Housem's Assorted Antiques.
 10885 | Bazaar   | Acquired 414 gold pieces
 10916 | Bazaar   | Bought a scroll of summoning for 76 gold pieces
 10931 | Bazaar   | Bought a scroll labelled JIPHARGHEOHUDU for 28 gold pieces
 10949 | Bazaar   | Bought 2 scrolls labelled JIPHARGHEOHUDU for 50 gold pieces
 10949 | Bazaar   | Bought a scroll labelled IFILODGHAACW for 25 gold pieces
 10978 | Bazaar   | Bought a scroll of fog for 32 gold pieces
 11018 | D:11     | Noticed a green ugly thing
 11038 | D:11     | Killed a green ugly thing
 11300 | D:11     | Noticed a boulder beetle
 11311 | D:11     | Killed a boulder beetle
 11496 | D:11     | Noticed a soul eater
 11679 | D:11     | Noticed a skeletal warrior
 11698 | D:11     | Killed a skeletal warrior
 11751 | D:11     | Identified the +1 long sword "Jeituts" {heavy, Int+2 SInv}
 11751 | D:11     | Noticed a skeletal warrior
 11752 | D:11     | Noticed a skeletal warrior
 11765 | D:11     | Killed a skeletal warrior
 11777 | D:11     | Killed a skeletal warrior
 12275 | D:11     | Found a staircase to the Lair.
 12732 | D:3      | Bought a +2 pair of gloves of dexterity for 279 gold pieces
 12896 | Lair:1   | Entered Level 1 of the Lair of Beasts
 12957 | Lair:1   | Reached skill level 5 in Armour
 12957 | Lair:1   | Reached XP level 12. HP: 100/100 MP: 12/12
 12958 | Lair:1   | Noticed Amaemon
 12969 | Lair:1   | Killed Amaemon
 12970 | Lair:1   | Reached skill level 5 in Dodging
 13170 | Lair:1   | Received a gift from Trog
 13322 | Lair:1   | Reached skill level 12 in Fighting
 13358 | Lair:1   | Reached skill level 1 in Evocations
 14021 | Lair:2   | Noticed a boulder beetle
 14070 | Lair:2   | Killed a boulder beetle
 14244 | Lair:2   | Reached skill level 5 in Evocations
 14322 | Lair:2   | Noticed a four-headed hydra
 14347 | Lair:2   | Killed a four-headed hydra
 14390 | Lair:2   | Found a hole to the Spider Nest.
 14557 | Lair:2   | Reached XP level 13. HP: 76/109 MP: 13/13
 14990 | Lair:2   | Found a staircase to the Shoals.
 15405 | Lair:2   | Reached skill level 13 in Fighting
 15598 | Lair:2   | Found a transporter.
 15610 | Lair:2   | Noticed Zumudolu's ghost (journeyman MiFi)
 15626 | Lair:2   | Found a transporter.
 16349 | Lair:3   | Reached skill level 10 in Dodging
 16800 | Lair:3   | Found a runed translucent door.
 16804 | Lair:3   | Noticed zenocrate's ghost (journeyman FeEE)
 16841 | Lair:3   | Killed zenocrate's ghost
 17701 | Lair:4   | Noticed Sonja
 17709 | Lair:4   | Killed Sonja
 17710 | Lair:4   | Reached skill level 14 in Fighting
 17896 | Lair:4   | Found a staircase to the Slime Pits.
 18529 | Lair:5   | Entered Level 5 of the Lair of Beasts
 18553 | Lair:4   | Reached XP level 14. HP: 121/121 MP: 14/14
 18553 | Lair:4   | Acquired a NW-10 gyroscope {rPois rF+ rCorr Clar RMsl}
 18866 | Lair:5   | Reached skill level 15 in Fighting
 19732 | Lair:5   | Reached ****** piety under Trog
 19995 | Lair:5   | Received a gift from Trog
 21002 | Lair:5   | Found a corrupted altar of Lugonu.
 21002 | Lair:5   | Found a one-way gate to the infinite horrors of the Abyss.
 21274 | Orc:1    | Entered Level 1 of the Orcish Mines
 21276 | Orc:1    | Noticed Nergalle
 21300 | D:10     | Killed Nergalle
 21472 | Orc:2    | Entered Level 2 of the Orcish Mines
 21472 | Orc:2    | Noticed Azrael
 21472 | Orc:2    | Found Bacha's Mass Market.
 21486 | Orc:1    | Killed Azrael
 21862 | Orc:2    | Received a gift from Trog
 21871 | Orc:2    | Reached skill level 16 in Fighting
 22032 | Orc:2    | Reached XP level 15. HP: 85/131 MP: 15/15
 22435 | Orc:1    | Noticed Snorg
 22651 | Orc:2    | Found a staircase to the Elven Halls.
 22926 | Orc:2    | Received a gift from Trog
 23279 | Orc:2    | Found Quph's Antique Armour Shop.
 23279 | Orc:2    | Found Sarae's Assorted Antiques.
 23279 | Orc:2    | Found Xifux's Magic Scroll Boutique.
 23300 | Orc:2    | Found Lojan's Armour Boutique.
 23853 | Orc:2    | Bought a fuming red potion for 33 gold pieces
 23853 | Orc:2    | Bought a sedimented orange potion for 33 gold pieces
 23853 | Orc:2    | Bought a blue potion for 33 gold pieces
 23862 | Orc:2    | Bought 3 scrolls of identify for 108 gold pieces
 23870 | Orc:2    | Bought a steaming chain mail for 294 gold pieces
 23870 | Orc:2    | Identified the +0 chain mail of Quantum Leap {Harm Fly
                  | Will- Int+2} (You bought it in a shop on level 2 of the
                  | Orcish Mines)
 23938 | Orc:2    | Killed Snorg
 24295 | D:3      | Noticed Natasha
 24299 | D:3      | Killed Natasha
 24306 | D:3      | Bought a faintly glowing long sword for 161 gold pieces
 24306 | D:3      | Identified the +6 long sword "Ciakho" {pain, +Blink rCorr
                  | Str+2 Int-2} (You bought it in a shop on level 3 of the
                  | Dungeon)
 24308 | D:3      | Noticed Natasha
 24312 | D:3      | Killed Natasha
 24312 | D:3      | Received a gift from Trog
 24757 | D:12     | Reached skill level 1 in Throwing
 25332 | D:13     | Found Igex's Assorted Antiques.
 25368 | D:13     | Found Hurouddi's Armour Shop.
 25469 | D:13     | You fall into a shaft and drop 2 floors!
 25469 | D:15     | Entered Level 15 of the Dungeon
 25802 | D:15     | Identified the +0 ring mail "Koyc" {rCorr}
 26182 | D:13     | Found Nual's General Store.
 26196 | D:13     | Found Obaebiru's Book Shoppe.
 26202 | D:13     | Noticed Jorgrun
 26228 | D:13     | Killed Jorgrun
 26229 | D:13     | Reached skill level 17 in Fighting
 26244 | D:13     | Reached XP level 16. HP: 131/141 MP: 16/16
 26244 | D:13     | Acquired a manual of Fighting
 26753 | D:13     | Received a gift from Trog
 27104 | D:13     | Found Roitof Vol's Magic Scroll Shoppe.
 27213 | D:13     | Found a gate to the Vaults.
 27666 | D:14     | Found a corrupted altar of Lugonu.
 28142 | D:15     | Reached skill level 5 in Throwing
 28414 | D:15     | Found a staircase to the Depths.
 28576 | Spider:1 | Entered Level 1 of the Spider Nest
 28595 | Spider:1 | Noticed Louise
 28628 | Spider:1 | Killed Louise
 29703 | Spider:1 | Reached skill level 18 in Fighting
 31814 | Spider:1 | Reached skill level 15 in Long Blades
 32279 | Spider:1 | Reached XP level 17. HP: 151/151 MP: 17/17
 32280 | Spider:1 | Reached skill level 19 in Fighting
 32372 | Spider:1 | Identified the +6 long sword "Hilul" {flame, rPois rN+
                  | Int-5 Dex+3} (Trog gifted it to you on level 1 of the
                  | Spider Nest)
 32372 | Spider:1 | Received a gift from Trog
 33066 | Spider:2 | Reached skill level 20 in Fighting
 33411 | Spider:3 | Acquired the +1 pair of gloves of Gallantry {Str+4 Slay+3
                  | Stlth+}
 33657 | Spider:3 | Received a gift from Trog
 33803 | Spider:3 | Identified the maw talisman of Chill Winds {*Corrode rPois
                  | rN+}
 33972 | Spider:4 | Entered Level 4 of the Spider Nest
 35620 | Spider:4 | Identified the +9 demon blade "Meelint" {heavy, rC+ Str+7
                  | Stlth-} (Trog gifted it to you on level 4 of the Spider
                  | Nest)
 35620 | Spider:4 | Received a gift from Trog
 36093 | Spider:4 | Got a gossamer rune of Zot
 36099 | Spider:4 | Identified the +0 hat of the Valley of Death {rElec rPois
                  | Int+3}
 36268 | Shoals:1 | Entered Level 1 of the Shoals
 36324 | Shoals:1 | Reached skill level 10 in Armour
 36381 | Shoals:1 | Found Gousaitt's Weapon Shoppe.
 36396 | Shoals:1 | Reached XP level 18. HP: 140/162 MP: 18/18
 36460 | Shoals:1 | Identified the +2 leather armour of Insurance {+Inv Regen+
                  | Dex-5}
 36535 | Shoals:1 | Reached skill level 15 in Dodging
 36591 | Shoals:1 | Noticed Frances
 36676 | Shoals:1 | Killed Frances
 36715 | Shoals:1 | Noticed Roxanne
 36728 | Shoals:1 | Killed Roxanne
 37387 | Shoals:2 | Found a runed translucent gate.
 37387 | Shoals:2 | Found a runed translucent gate.
 37387 | Shoals:2 | Found a runed translucent gate.
 37786 | Shoals:2 | Noticed Ilsuiw
 37811 | Shoals:2 | Killed Ilsuiw
 38288 | Shoals:2 | Identified the +7 scimitar "Udiroera" {flame, Str+4} (Trog
                  | gifted it to you on level 2 of the Shoals)
 38288 | Shoals:2 | Received a gift from Trog
 38596 | Shoals:3 | Identified the +6 scale mail "Nucluen" {rCorr Str+3 Dex+2}
 39714 | Shoals:4 | Entered Level 4 of the Shoals
 39714 | Shoals:4 | Found a stormy altar of Qazlal.
 39722 | Shoals:4 | Reached skill level 21 in Fighting
 39857 | Shoals:4 | Received a gift from Trog
 39898 | Shoals:4 | Paralysed by an air elemental for 1 turns
 40177 | Shoals:4 | Identified the +7 orcbow of Taidicad {freeze, Will++ rCorr}
 40177 | Shoals:4 | Identified the amulet "Jaumnar" {Reflect ^Fragile +Inv
                  | rCorr Int+3 SH+5}
 40441 | Shoals:4 | Reached XP level 19. HP: 172/172 MP: 19/19
 41364 | Shoals:4 | Found the +3 giant club "Skullcrusher" {speed, Str+7}
 41373 | Shoals:4 | Got a barnacled rune of Zot
 41725 | Shoals:2 | Received a gift from Trog
 41835 | Shoals:2 | Identified the +5 scale mail of Iqagy {rC+ Str+6 Dex+4
                  | Stlth-}
 41980 | Lair:2   | Killed Zumudolu's ghost
 42211 | Lair:2   | Identified the +1 helmet "Seobruig" {^Drain +Blink rN+}
 42591 | Elf:1    | Entered Level 1 of the Elven Halls
 42865 | Elf:1    | Noticed Norris
 42907 | Elf:1    | Killed Norris
 43050 | Elf:1    | Paralysed by an air elemental for 1 turns
 43051 | Elf:1    | Received a gift from Trog
 43372 | Elf:1    | Found Zerhel's Jewellery Boutique.
 43555 | Elf:2    | Identified the serpent talisman of Bad Feelings {Fly Dex+4}
 43555 | Elf:2    | Noticed Aizul
 43565 | Elf:2    | Killed Aizul
 43595 | Elf:2    | Found a runed translucent gate.
 43595 | Elf:2    | Found a runed translucent gate.
 43595 | Elf:2    | Found a runed translucent gate.
 43693 | Elf:2    | Found Ubeupt's Book Shop.
 43844 | Elf:2    | Reached skill level 15 in Armour
 43883 | Elf:2    | Paralysed by an orc sorcerer for 4 turns
 44552 | Elf:2    | Reached XP level 20. HP: 157/180 MP: 20/20
 45323 | Elf:3    | Entered Level 3 of the Elven Halls
 45342 | Elf:3    | Acquired 888 gold pieces
 46324 | Elf:2    | Found a shimmering blue altar of Sif Muna.
 46780 | D:13     | Bought the +6 chain mail of Giop {rC+ Will+} for 595 gold
                  | pieces
 47572 | Elf:3    | Received a gift from Trog
 48353 | Elf:3    | Identified the staff of Shrieking Terror {rN+ Conj Necro}
 48647 | Vaults:1 | Entered Level 1 of the Vaults
 48919 | Vaults:1 | Found Jergh's General Store.
 48926 | Vaults:1 | Received a gift from Trog
 49054 | Vaults:1 | Bought a potion of attraction for 42 gold pieces
 49054 | Vaults:1 | Bought 2 potions of heal wounds for 140 gold pieces
 49193 | Vaults:1 | Reached skill level 22 in Fighting
 49417 | Vaults:1 | Paralysed by a formless jellyfish for 1 turns
 49421 | Vaults:1 | Reached XP level 21. HP: 159/189 MP: 21/21
 49608 | Vaults:1 | Found Bumo's Distillery.
 49615 | Vaults:1 | Bought 2 potions of degeneration for 28 gold pieces
 49615 | Vaults:1 | Bought a potion of heal wounds for 70 gold pieces
 50006 | Vaults:1 | Found Uraz's Armour Boutique.
 50157 | Vaults:2 | Received a gift from Trog
 50207 | Vaults:2 | Reached skill level 23 in Fighting
 51454 | Vaults:2 | Received a gift from Trog
 51573 | Vaults:2 | Found a staircase to the Crypt.
 51573 | Vaults:2 | Found a basalt altar of Yredelemnul.
 51574 | Vaults:2 | Found an ancient bone altar of Kikubaaqudgha.
 51695 | Vaults:2 | Paralysed by a formless jellyfish for 1 turns
 52101 | Vaults:3 | Identified the +6 dagger "Goret" {heavy, rElec Dex+4} (Trog
                  | gifted it to you on level 3 of the Vaults)
 52101 | Vaults:3 | Received a gift from Trog
 53321 | Vaults:3 | Found Vosit's Assorted Antiques.
 53327 | Vaults:3 | Bought a scroll of blinking for 285 gold pieces
 53396 | Vaults:4 | Received a gift from Trog
 53581 | Vaults:4 | Reached XP level 22. HP: 194/202 MP: 22/22
 54089 | Vaults:4 | Noticed Donald
 54174 | Vaults:4 | Killed Donald
 54176 | Vaults:4 | Received a gift from Trog
 55276 | Depths:1 | Entered Level 1 of the Depths
 55470 | Depths:1 | Found a sacrificial altar of Ru.
 55530 | Depths:1 | Found a gateway to Hell.
 55541 | Depths:1 | Noticed Nikola
 55550 | Depths:1 | Killed Nikola
 56840 | Depths:2 | Received a gift from Trog
 56857 | Depths:2 | Noticed a golden dragon
 56870 | Depths:2 | Killed a golden dragon
 57374 | D:13     | Bought a manual of Throwing for 1360 gold pieces
 57698 | Depths:2 | Found a one-way gate leading to the halls of Pandemonium.
 58145 | Depths:2 | Identified the amulet "Risus" {Acrobat Harm rElec Int+3
                  | Dex+4}
 58807 | Depths:3 | Reached XP level 23. HP: 209/209 MP: 23/23
 58923 | Depths:3 | Reached skill level 10 in Throwing
 59154 | Depths:3 | Identified the +2 halberd of Excruciating Pain {heavy,
                  | rPois} (Trog gifted it to you on level 3 of the Depths)
 59154 | Depths:3 | Received a gift from Trog
 59948 | Depths:3 | Noticed a dread lich
 60249 | Depths:3 | Killed a dread lich
 60268 | Depths:3 | Reached skill level 24 in Fighting
 60332 | Depths:4 | Entered Level 4 of the Depths
 61050 | Depths:4 | Found a one-way gateway to a ziggurat.
 61701 | Depths:4 | Found Yllohat's Jewellery Shoppe.
 61741 | Depths:4 | Received a gift from Trog
 61838 | Depths:4 | Found a corrupted altar of Lugonu.
 62761 | Depths:4 | Found a gate to the Realm of Zot.
 63019 | Depths:3 | Noticed a golden dragon
 63024 | Depths:3 | Killed a golden dragon
 64570 | D:5      | Bought a potion of ambrosia for 80 gold pieces
 64570 | D:5      | Bought a potion of curing for 30 gold pieces
 64570 | D:5      | Bought a potion of curing for 30 gold pieces
 64885 | Vaults:5 | Entered Level 5 of the Vaults
 65127 | Vaults:5 | Noticed a dread lich
 65138 | Vaults:5 | Killed a dread lich
 65203 | Vaults:5 | Reached skill level 15 in Throwing
 65281 | Vaults:5 | HP: 9/211 [disintegration (70)]
 65282 | Vaults:5 | Blown up by a lich

Illustrated notes

Levels and vault maps discovered:
D:1:      minmay_arrival_diagonal_passages, layout_rooms,
          grunt_decor_one_mirror, minmay_crystal_room, reono_crystal_passage,
          minmay_unequal
D:2:      layout_basic, roderic_lattice_a
D:3:      layout_basic, mainiacjoe_overflow_surrounded_room, minitemple,
          serial_shops, shop, nicolae_shop_tiny_statue_garden, shop, shop,
          nicolae_shop_tiny_waterfront, ebering_ecumenical_altar_sacrificial,
          uniq_natasha, uniq_robin
D:4:      layout_loops_ring, uniq_edmund
D:5:      layout_loops_ring, serial_shops, nicolae_shop_industrial_runoff,
          uniq_eustachio, uniq_duvessa
D:6:      layout_rooms, fiery_altar_vehumet, amcnicky_altar_gilded
D:7:      old_forge, layout_cave_pods, minmay_temple_entry_junction
D:8:      cheibrodos_iron_armory, layout_basic,
          mainiacjoe_overflow_catwalk_spiral, uniq_psyche, uniq_joseph,
          uniq_grum
D:9:      layout_cross
D:10:     layout_basic, orc_0_dummy, enter_bailey_4, minmay_stone_trees_large
D:11:     layout_layer_cave, erik_lair_orcish_takeover, serial_shops,
          bzr_entry_islet, hangedman_abyss_or_decor_passed,
          hangedman_decor_lopped
D:12:     layout_loops_ring
D:13:     layout_layer_cave, hangedman_vaults_entry_quadrant_bands,
          portal_ice_cave_entry_pillars_1, serial_shops, shop,
          nicolae_shop_rolled_up, shop, nicolae_lakefront_shop, shop,
          uniq_jorgrun
D:14:     kennysheep_kobold_lugonu_temple, layout_rooms, minivault_25
D:15:     hellmonk_depths_entry_around_the_bend, layout_basic,
          corexii_leaking_fountain
Lair:1:   layout_misc_corridors, lemuel_fruit_fields, infiniplex_staircase_pool,
          lemuel_fruit_tree, uniq_amaemon
Lair:2:   layout_long_grid, minmay_shoals_entry_lonely_mermaid,
          nicolae_spider_entry_lesser_pyramids,
          gammafunk_ghost_berserking_beasts, nicolae_lair_lindhole,
          serial_bayou_shore_a
Lair:3:   layout_layer_cave, ebering_ghost_reflecting_pool
Lair:4:   layout_gridlike, nicolae_slime_entry_field_trip, uniq_sonja
Lair:5:   hellmonk_lair_end_abyssal_woods, layout_cave_pods, minivault_25,
          minmay_stone_trees_medium, small_statue_intersection
Shoals:1: layout_shoals, serial_shops, nicolae_shop_real_fake_doors,
          uniq_roxanne, uniq_frances
Shoals:2: layout_shoals, nicolae_shoals_beach_cooler, uniq_ilsuiw
Shoals:3: layout_shoals
Shoals:4: shoals_end_hellmonk_storm_palace [storm_palace_center_square,
          storm_palace_corner_blocked, storm_palace_corner_narrow,
          storm_palace_corner_reverse_hut, storm_palace_corner_altar]
Spider:1: nicolae_spider_mines_1, drop_trap, uniq_louise
Spider:2: layout_spider_delve, nicolae_spider_baby_got_redback
Spider:3: layout_spider_delve
Spider:4: grunt_spider_rune_circles, spiders_nest_ghost_moth_duel
Orc:1:    layout_caves, uniq_snorg, uniq_nergalle
Orc:2:    st_orc_pillars, layout_caves, minmay_shop_mass, mines4_lemuel,
          uniq_azrael
Elf:1:    nicolae_elf_arrival_no_cutting_in_line, layout_geoelf_diagonals,
          serial_shops, shop, nicolae_elf_crossing_hall, grunt_megastairs_4,
          uniq_norris
Elf:2:    elven_hall_of_blades_hangedman_original
          [nicolae_blade_entry_sentries_behind_glass], layout_loops_corners,
          serial_shops, nicolae_shop_pleasant_corner_grove,
          lemuel_upstairs_altar, uniq_aizul
Elf:3:    elf_hall, layout_loops_cross, nicolae_elf_martial_mastery
Vaults:1: v_misc_15, nicolae_vaults_an_arrangement, v_misc_17,
          nicolae_vaults_trapezoid_3, nicolae_vaults_layer_cake_slice,
          vaults_room_grunt_arrival_checkpoint,
          nicolae_vaults_trapezoid_lopsided_1, layout_vaults_omnigrid,
          serial_shops, nicolae_shop_temple_entry_statues_fountains,
          nicolae_diamond_shop, nicolae_shop_tiny_statue_garden
Vaults:2: v_misc_26, nicolae_vaults_stairing_the_circle, vaults_mumra_hex,
          nicolae_vaults_stepped_doors, vaults_room_stairs_pillars,
          vaults_mumra_lcd, vaults_room_door_ring,
          nicolae_vaults_mini_display_case, hangedman_vaults_variations,
          nicolae_vaults_octothorpe, vaults_room_pool,
          vaults_dpeg_emergency_exit, grunt_vaults_hallway_short,
          minmay_crypt_entry_necro_gods, layout_vaults_ring
Vaults:3: nicolae_vaults_turnstiles, ontoclasm_vaults_shuriken,
          nicolae_vaults_triangles, hangedman_vaults_slither,
          hangedman_vaults_maws, nicolae_vaults_heart-shaped_vault, v_misc_30,
          nicolae_vaults_diamond_1, ontoclasm_vaults_decontamination,
          nicolae_vaults_circle_grid_b, vaults_room_glass_cross,
          nicolae_vaults_ring_of_whatevers, nicolae_vaults_double_plus_1,
          layout_vaults_omnibox, serial_shops, nicolae_shop_behind_doors
Vaults:4: nicolae_vaults_library_corner, nicolae_vaults_layer_cake_slice,
          vaults_room_hallway, nicolae_vaults_network_quinsquares
          [nicolae_vaults_network_quincunx_subvault,
          nicolae_vaults_network_quincunx_subvault,
          nicolae_vaults_network_quincunx_subvault,
          nicolae_vaults_network_quincunx_subvault],
          nicolae_vaults_ninety_degrees, nicolae_vaults_tetromino_T_1,
          nicolae_vaults_apartment_2, hangedman_vaults_maws, v_misc_23,
          nicolae_vaults_trapezoid_3, grunt_vaults_swirl, serial_ice_b,
          layout_vaults_omnicross, uniq_donald
Vaults:5
Depths:1: layout_twisted_cross, hell_entry, wad_floor_pattern_untrapped,
          hangedman_ru_absence, nicolae_triple_integral, serial_bayou_shore_b,
          uniq_nikola
Depths:2: minmay_octo_star, layout_cave_pools, chequers_serial_rivers_large_a,
          lightli_too_deep, rand_demon_pan_entry_9, serial_bayou_shore_b
Depths:3: kennysheep_scales, layout_gridville, serial_bayou_ford_a, abyss_entry,
          hell_entry, special_room [special_room_morgue], nicolae_keep_em_comin
Depths:4: grunt_bruiser_brothers, layout_cave_shapes, enter_ziggurat_a,
          abyss_entry_flame_altar, chequers_serial_rivers_room_b,
          grunt_pan_entry_zigzag, hell_entry, minmay_shop_star

Skill      XL: |  1  2  3  4  5  6  7  8  9 10 11 12 13 14 15 16 17 18 19 20 21 22 23 |
---------------+----------------------------------------------------------------------+-----
Long Blades    | 4 5 6 7 9 11 13 15 | 15.2
Fighting       | 4 5 7 8 10 11 12 14 16 17 18 20 21 22 23 24 | 24.6
Short Blades   | 6 7 |  7.2
Armour         | 5 7 10 11 15 18 20 | 20.2
Dodging        | 4 8 10 12 13 14 16 17 18 | 18.8
Evocations     | 5 |  5.0
Throwing       | 3 6 9 15 | 15.0

Action                     |  1- 3 |  4- 6 |  7- 9 | 10-12 | 13-15 | 16-18 | 19-21 | 22-24 || total
---------------------------+-------+-------+-------+-------+-------+-------+-------+-------++-------
  Melee: Dagger            |    63 |    50 |   249 |  1256 |  2329 |   586 |       |       ||  4533
         Falchion          |    60 |   115 |    73 |       |       |       |       |       ||   248
         Short sword       |       |    54 |       |       |   894 |   582 |       |       ||  1530
         Long sword        |       |       |   189 |     3 |       |   269 |    99 |       ||   560
         Double sword      |       |       |       |       |       |   619 |   743 |   710 ||  2072
         Demon blade       |       |       |       |       |       |   364 |   902 |   759 ||  2025
         Scimitar          |       |       |       |       |       |    17 |       |       ||    17
  Throw: Dart              |       |       |     9 |     4 |     3 |    27 |       |       ||    43
         Boomerang         |       |       |       |       |       |       |       |     2 ||     2
 Invoke: Berserk           |     1 |       |     1 |     4 |     3 |     7 |       |       ||    16
         Trog's Hand       |       |       |       |     2 |     4 |     4 |     5 |    10 ||    25
         Brothers in Arms  |       |       |       |       |       |       |     1 |       ||     1
Ability: Invent Gizmo      |       |       |       |       |     1 |       |       |       ||     1
  Evoke: Wand              |       |     1 |     1 |       |     5 |       |       |       ||     7
         Condenser vane    |       |       |       |       |       |       |     1 |     1 ||     2
    Use: Scroll            |     1 |     3 |     4 |     9 |    10 |    12 |     6 |    12 ||    57
         Potion            |       |       |       |     1 |     1 |     5 |     1 |    13 ||    21
   Stab: Paralysed         |       |     6 |       |       |     1 |       |       |       ||     7
         Sleeping          |       |       |       |       |     2 |     1 |       |       ||     3
         Invisible         |       |       |       |       |       |     3 |       |     3 ||     6
 Armour: Animal skin       |     8 |       |       |       |       |       |       |       ||     8
         Ring mail         |    14 |       |       |   175 |   749 |  1138 |    33 |       ||  2109
         Scale mail        |     9 |    67 |   172 |   139 |       |       |   233 |   140 ||   760
         Plate armour      |       |       |       |    15 |       |       |       |       ||    15
         Chain mail        |       |       |       |       |       |       |   510 |   511 ||  1021
  Dodge: Dodged            |    34 |    40 |   101 |   211 |   907 |  1443 |  1039 |   957 ||  4732
         Repelled          |       |       |       |       |    31 |    64 |    88 |    49 ||   232

Table legend: (Time is in decaauts)
 A = Elapsed time spent in this place.
 B = Non-inter-level travel time spent in this place.
 C = Inter-level travel time spent in this place.
 D = Time resting spent in this place.
 E = Time spent auto-exploring this place.
 F = Levels seen in this place.
 G = Mean time per level.
                   A        B        C        D        E       F      G
               +--------+--------+--------+--------+--------+-----+--------+
         Total |  63868 |  57282 |   6586 |  19159 |  23843 |  44 | 1451.5 |
       Dungeon |  17661 |  14819 |   2842 |   2827 |   8077 |  15 | 1177.4 |
          Lair |   9160 |   8471 |    689 |   3101 |   3579 |   5 | 1832.0 |
        Shoals |   6270 |   5411 |    859 |   1908 |   1659 |   4 | 1567.5 |
   Spider Nest |   6718 |   6536 |    182 |   3431 |   1543 |   4 | 1679.5 |
  Orcish Mines |   2788 |   2420 |    368 |   1126 |    479 |   2 | 1394.0 |
   Elven Halls |   5607 |   5117 |    490 |   2037 |   1863 |   3 | 1869.0 |
        Vaults |   6945 |   6583 |    362 |   1834 |   3365 |   5 | 1389.0 |
        Depths |   7837 |   7046 |    791 |   2471 |   3275 |   4 | 1959.2 |
        Bazaar |    154 |    154 |      0 |      0 |      0 |   1 |  154.0 |
        Bailey |    723 |    723 |      0 |    422 |      0 |   1 |  723.0 |
               +--------+--------+--------+--------+--------+-----+--------+

Top non-repeatable levels by time:
  Lair:2: 3196 daAuts
Spider:1: 3163 daAuts
   Elf:3: 2664 daAuts
Depths:4: 2551 daAuts
  Lair:5: 2355 daAuts
Depths:3: 2186 daAuts
Vaults:2: 2139 daAuts
   Orc:2: 2097 daAuts
Vaults:4: 1988 daAuts
Shoals:4: 1963 daAuts
Depths:2: 1944 daAuts
    D:11: 1880 daAuts
   Elf:2: 1852 daAuts
     D:7: 1847 daAuts
Spider:4: 1678 daAuts

Action                     |  1- 3 |  4- 6 |  7- 9 | 10-12 | 13-15 | 16-18 | 19-21 | 22-24 || total
---------------------------+-------+-------+-------+-------+-------+-------+-------+-------++-------
  Melee: Dagger            |    63 |    50 |   249 |  1256 |  2329 |   586 |       |       ||  4533
         Falchion          |    60 |   115 |    73 |       |       |       |       |       ||   248
         Short sword       |       |    54 |       |       |   894 |   582 |       |       ||  1530
         Long sword        |       |       |   189 |     3 |       |   269 |    99 |       ||   560
         Double sword      |       |       |       |       |       |   619 |   743 |   710 ||  2072
         Demon blade       |       |       |       |       |       |   364 |   902 |   759 ||  2025
         Scimitar          |       |       |       |       |       |    17 |       |       ||    17
  Throw: Dart              |       |       |     9 |     4 |     3 |    27 |       |       ||    43
         Boomerang         |       |       |       |       |       |       |       |     2 ||     2
 Invoke: Berserk           |     1 |       |     1 |     4 |     3 |     7 |       |       ||    16
         Trog's Hand       |       |       |       |     2 |     4 |     4 |     5 |    10 ||    25
         Brothers in Arms  |       |       |       |       |       |       |     1 |       ||     1
Ability: Invent Gizmo      |       |       |       |       |     1 |       |       |       ||     1
  Evoke: Wand              |       |     1 |     1 |       |     5 |       |       |       ||     7
         Condenser vane    |       |       |       |       |       |       |     1 |     1 ||     2
    Use: Scroll            |     1 |     3 |     4 |     9 |    10 |    12 |     6 |    12 ||    57
         Potion            |       |       |       |     1 |     1 |     5 |     1 |    13 ||    21
   Stab: Paralysed         |       |     6 |       |       |     1 |       |       |       ||     7
         Sleeping          |       |       |       |       |     2 |     1 |       |       ||     3
         Invisible         |       |       |       |       |       |     3 |       |     3 ||     6
 Armour: Animal skin       |     8 |       |       |       |       |       |       |       ||     8
         Ring mail         |    14 |       |       |   175 |   749 |  1138 |    33 |       ||  2109
         Scale mail        |     9 |    67 |   172 |   139 |       |       |   233 |   140 ||   760
         Plate armour      |       |       |       |    15 |       |       |       |       ||    15
         Chain mail        |       |       |       |       |       |       |   510 |   511 ||  1021
  Dodge: Dodged            |    34 |    40 |   101 |   211 |   907 |  1443 |  1039 |   957 ||  4732
         Repelled          |       |       |       |       |    31 |    64 |    88 |    49 ||   232

Table legend: (Time is in decaauts)
 A = Elapsed time spent in this place.
 B = Non-inter-level travel time spent in this place.
 C = Inter-level travel time spent in this place.
 D = Time resting spent in this place.
 E = Time spent auto-exploring this place.
 F = Levels seen in this place.
 G = Mean time per level.
                   A        B        C        D        E       F      G
               +--------+--------+--------+--------+--------+-----+--------+
         Total |  63868 |  57282 |   6586 |  19159 |  23843 |  44 | 1451.5 |
       Dungeon |  17661 |  14819 |   2842 |   2827 |   8077 |  15 | 1177.4 |
          Lair |   9160 |   8471 |    689 |   3101 |   3579 |   5 | 1832.0 |
        Shoals |   6270 |   5411 |    859 |   1908 |   1659 |   4 | 1567.5 |
   Spider Nest |   6718 |   6536 |    182 |   3431 |   1543 |   4 | 1679.5 |
  Orcish Mines |   2788 |   2420 |    368 |   1126 |    479 |   2 | 1394.0 |
   Elven Halls |   5607 |   5117 |    490 |   2037 |   1863 |   3 | 1869.0 |
        Vaults |   6945 |   6583 |    362 |   1834 |   3365 |   5 | 1389.0 |
        Depths |   7837 |   7046 |    791 |   2471 |   3275 |   4 | 1959.2 |
        Bazaar |    154 |    154 |      0 |      0 |      0 |   1 |  154.0 |
        Bailey |    723 |    723 |      0 |    422 |      0 |   1 |  723.0 |
               +--------+--------+--------+--------+--------+-----+--------+

Top non-repeatable levels by time:
  Lair:2: 3196 daAuts
Spider:1: 3163 daAuts
   Elf:3: 2664 daAuts
Depths:4: 2551 daAuts
  Lair:5: 2355 daAuts
Depths:3: 2186 daAuts
Vaults:2: 2139 daAuts
   Orc:2: 2097 daAuts
Vaults:4: 1988 daAuts
Shoals:4: 1963 daAuts
Depths:2: 1944 daAuts
    D:11: 1880 daAuts
   Elf:2: 1852 daAuts
     D:7: 1847 daAuts
Spider:4: 1678 daAuts
